 Dungeon Crawl Stone Soup version 0.27.0-1-g7a089689b8 (webtiles) character file.

Game seed: 5784941328536739223

385 ZombieSheep the Ducker (level 6, -1/53 HPs)
             Began as a Gnoll Monk on Aug 11, 2021.
             Slain by a water moccasin (7 damage)
             ... on level 4 of the Dungeon.
             The game lasted 00:06:05 (2595 turns).

ZombieSheep the Ducker (Gnoll Monk)                 Turns: 2595, Time: 00:06:05

Health: -1/53      AC:  6    Str: 11    XL:     6   Next: 77%
Magic:  9/9        EV: 13    Int: 11    God:
Gold:   135        SH:  0    Dex: 14    Spells: 9/9 levels left

rFire    . . .     SeeInvis .   b - +0 flail (venom)
rCold    . . .     Faith    .   (no shield)
rNeg     . . .     Spirit   .   i - +0 ring mail
rPois    .         Reflect  .   d - +0 helmet
rElec    .         Harm     .   (no cloak)
rCorr    .         Rampage  .   (no gloves)
Will     +....                  (no boots)
Stlth    +++.......             c - amulet "Xuocoamn" {Will+ Regen+ Stlth+}
HPRegen  1.17/turn              (no ring)
MPRegen  0.11/turn              (no ring)

@: lethally poisoned (-1 -> -2)
A: fangs 1, strong nose, distributed training, screaming 1
a: no special abilities


You were on level 4 of the Dungeon.
You visited 1 branch of the dungeon, and saw 4 of its levels.

You collected 135 gold pieces.

Inventory:

Hand Weapons
 a - a +0 spear
 b - a +0 flail of venom (weapon)
Missiles
 g - 3 boomerangs (quivered)
 m - a throwing net
Armour
 d - a +0 helmet (worn)
 i - a +0 ring mail (worn)
 l - a +0 plate armour
Jewellery
 c - the amulet "Xuocoamn" (around neck) {Will+ Regen+ Stlth+}
   (You acquired it on level 1 of the Dungeon)

   [amulet of regeneration]

   Regen:     It increases your rate of health regeneration.
   Will:      It increases your willpower.
   Stlth:     It makes you more stealthy.
Scrolls
 e - a scroll of teleportation
 j - a scroll of brand weapon {unknown}
Potions
 k - a potion of might


   Skills:
 + Level 6.9 Fighting
 + Level 2.1 Short Blades
 + Level 2.1 Long Blades
 + Level 2.1 Axes
 + Level 2.1 Maces & Flails
 + Level 6.9 Polearms
 + Level 2.1 Staves
 + Level 2.1 Slings
 + Level 2.1 Bows
 + Level 2.1 Crossbows
 + Level 2.1 Throwing
 + Level 2.1 Armour
 + Level 6.9 Dodging
 + Level 4.7 Stealth
 + Level 2.1 Shields
 + Level 2.1 Unarmed Combat
 + Level 2.1 Spellcasting
 + Level 1.6 Conjurations
 + Level 1.6 Hexes
 + Level 1.6 Summonings
 + Level 1.6 Necromancy
 + Level 1.6 Translocations
 + Level 1.6 Transmutations
 + Level 1.6 Fire Magic
 + Level 1.6 Ice Magic
 + Level 1.6 Air Magic
 + Level 1.6 Earth Magic
 + Level 1.6 Poison Magic
 + Level 2.3 Invocations
 + Level 2.1 Evocations


You had 9 spell levels left.
You didn't know any spells.
Your spell library was empty.

Dungeon Overview and Level Annotations

Branches:
Dungeon (4/15)
 Temple: D:4-7

Altars:
Vehumet

Shops:
D:4 [


Innate Abilities, Weirdness & Mutations

You have very sharp teeth.
Your uncanny sense of smell can sniff out nearby items.
Your experience applies equally to all skills.
You occasionally shout uncontrollably at your foes.


Message History

The water moccasin barely misses you. x2
You closely miss the water moccasin.
The water moccasin is moderately wounded.
The water moccasin bites you! The water moccasin bites you.
You closely miss the water moccasin.
The water moccasin is moderately wounded.
The water moccasin bites you but does no damage.
The water moccasin barely misses you.
You closely miss the water moccasin.
The water moccasin is moderately wounded.
The water moccasin bites you. x2
You completely miss the water moccasin.
The water moccasin is moderately wounded.
The water moccasin bites you.
You sock the water moccasin!
The water moccasin is heavily wounded.
The water moccasin bites you. x2
You are poisoned.
The water moccasin poisons you!
You closely miss the water moccasin.
The water moccasin is heavily wounded.
You feel very sick.
The water moccasin bites you but does no damage.
The water moccasin barely misses you.
You barely miss the water moccasin.
The water moccasin is heavily wounded.
You feel very sick. The water moccasin bites you.
* * * LOW HITPOINT WARNING * * *
The water moccasin closely misses you.
You closely miss the water moccasin.
The water moccasin is heavily wounded.
You feel very sick. The water moccasin closely misses you.
The water moccasin barely misses you.
It was a potion of mutation.
You feel extremely strange.
You feel the urge to shout.
You feel sick. The water moccasin misses you.
It was a potion of cancellation.
You feel magically purged.
You feel sick. The water moccasin bites you!
You die...

....... ..
.......##.#
.......#..#
.......#..#
..........# #
.........# .
.......gg# .
......##S# #
..... #@## ####
# .... #..#
###..# ## .g#
##.# ##....###.
. #.##
##......##. ##.#
##.......#..
#.###...........
#.##...........#
######
##.#..........##
##....##
#............#


You could see a water moccasin and 2 goblins.

Vanquished Creatures
  A necrophage (D:3)
  A jelly (D:4)
  Terence (D:2)
  Natasha (thrice) (D:2)
  4 gnolls (D:4)
  4 adders
  2 worms
  3 dart slugs
  An orc (D:3)
  12 ball pythons
  6 endoplasms
  A giant cockroach (D:1)
  12 goblins
  9 hobgoblins
  3 jackals (D:3)
  5 kobolds
  4 quokkas
  3 bats
  3 frilled lizards
  A quokka skeleton (D:4)
  6 rats
85 creatures vanquished.

Notes
Turn   | Place    | Note
-------+----------+-------------------------------------------
     0 | D:1      | ZombieSheep the Gnoll Monk began the quest for the Orb.
     0 | D:1      | Reached XP level 1. HP: 23/23 MP: 1/1
   131 | D:1      | Reached XP level 2. HP: 29/29 MP: 2/2
   517 | D:1      | Found a faded altar of an unknown god.
   547 | D:1      | Reached XP level 3. HP: 32/35 MP: 3/3
   854 | D:1      | Identified a scroll of acquirement
   854 | D:1      | Acquired the amulet "Xuocoamn" {Will+ Regen+ Stlth+}
   882 | D:2      | Noticed Natasha
   902 | D:2      | Killed Natasha
   903 | D:2      | Reached skill level 1 in Short Blades
   903 | D:2      | Reached skill level 1 in Long Blades
   903 | D:2      | Reached skill level 1 in Axes
   903 | D:2      | Reached skill level 1 in Maces & Flails
   903 | D:2      | Reached skill level 1 in Staves
   903 | D:2      | Reached skill level 1 in Slings
   903 | D:2      | Reached skill level 1 in Bows
   903 | D:2      | Reached skill level 1 in Crossbows
   903 | D:2      | Reached skill level 1 in Throwing
   903 | D:2      | Reached skill level 1 in Armour
   903 | D:2      | Reached skill level 1 in Shields
   903 | D:2      | Reached skill level 1 in Unarmed Combat
   903 | D:2      | Reached skill level 1 in Spellcasting
   903 | D:2      | Reached skill level 1 in Invocations
   903 | D:2      | Reached skill level 1 in Evocations
   903 | D:2      | Reached XP level 4. HP: 29/41 MP: 5/5
   995 | D:2      | Noticed Natasha
   999 | D:2      | Noticed Terence
  1042 | D:2      | Killed Terence
  1043 | D:2      | Reached skill level 1 in Conjurations
  1043 | D:2      | Reached skill level 1 in Hexes
  1043 | D:2      | Reached skill level 1 in Summonings
  1043 | D:2      | Reached skill level 1 in Necromancy
  1043 | D:2      | Reached skill level 1 in Translocations
  1043 | D:2      | Reached skill level 1 in Transmutations
  1043 | D:2      | Reached skill level 1 in Fire Magic
  1043 | D:2      | Reached skill level 1 in Ice Magic
  1043 | D:2      | Reached skill level 1 in Air Magic
  1043 | D:2      | Reached skill level 1 in Earth Magic
  1043 | D:2      | Reached skill level 1 in Poison Magic
  1092 | D:2      | Killed Natasha
  1093 | D:2      | Reached XP level 5. HP: 37/47 MP: 5/7
  1308 | D:2      | Noticed Natasha
  1338 | D:2      | Killed Natasha
  1583 | D:3      | Noticed a necrophage
  1610 | D:3      | Killed a necrophage
  1611 | D:3      | Reached XP level 6. HP: 51/53 MP: 8/8
  2369 | D:4      | Found Inuomux's Antique Armour Shoppe.
  2395 | D:4      | Found a radiant altar of Vehumet.
  2577 | D:4      | Noticed a water moccasin
  2594 | D:4      | Gained mutation: You occasionally shout uncontrollably at
                  | your foes. [potion of mutation]
  2595 | D:4      | Slain by a water moccasin

Illustrated notes

Levels and vault maps discovered:
D:1:      eino_arrival_water_star, layout_basic,
          hellmonk_ecumenical_altar_leap_of_faith, minmay_shallow_snake_nest
D:2:      layout_rooms, uniq_terence, uniq_natasha
D:3:      layout_loops_ring, minmay_misc_feat_chi
D:4:      layout_cave_pods, nicolae_overflow_crystal_walls, serial_shops, shop

Skill      XL: |  1  2  3  4  5  6 |
---------------+-------------------+-----
Short Blades   | 1 2 |  2.1
Long Blades    | 1 2 |  2.1
Axes           | 1 2 |  2.1
Maces & Flails | 1 2 |  2.1
Staves         | 1 2 |  2.1
Slings         | 1 2 |  2.1
Bows           | 1 2 |  2.1
Crossbows      | 1 2 |  2.1
Throwing       | 1 2 |  2.1
Armour         | 1 2 |  2.1
Shields        | 1 2 |  2.1
Unarmed Combat | 1 2 |  2.1
Spellcasting   | 1 2 |  2.1
Invocations    | 1 2 |  2.3
Evocations     | 1 2 |  2.1
Conjurations   | 1 |  1.6
Hexes          | 1 |  1.6
Summonings     | 1 |  1.6
Necromancy     | 1 |  1.6
Translocations | 1 |  1.6
Transmutations | 1 |  1.6
Fire Magic     | 1 |  1.6
Ice Magic      | 1 |  1.6
Air Magic      | 1 |  1.6
Earth Magic    | 1 |  1.6
Poison Magic   | 1 |  1.6
Fighting       | |  6.9
Polearms       | |  6.9
Dodging        | |  6.9
Stealth        | |  4.7

Action                   |  1- 3 |  4- 6 || total
-------------------------+-------+-------++-------
Melee: Spear             |    77 |   235 ||   312
       Bite              |     6 |    20 ||    26
       Punch             |     1 |     1 ||     2
       Flail             |       |    41 ||    41
Throw: Boomerang         |       |     3 ||     3
  Use: Scroll            |     4 |     4 ||     8
       Potion            |       |     2 ||     2
 Stab: Sleeping          |     9 |    20 ||    29
Armor: Robe              |     3 |     5 ||     8
       Ring mail         |       |    27 ||    27
Dodge: Dodged            |    25 |   113 ||   138
